 Dungeon Crawl Stone Soup version 0.28.0-49-g6dfe1f597d (webtiles) character file.

Game seed: 1254274506811880404

153 issech the Cudgeller (level 5, -6/53 HPs)
             Began as a Troll Monk on May 17, 2022.
             Mangled by an ogre
             ... wielding a +0 giant club
              (20 damage)
             ... on level 3 of the Dungeon.
             The game lasted 00:04:30 (2059 turns).

issech the Cudgeller (Troll Monk)                   Turns: 2059, Time: 00:04:30

Health: -6/53      AC:  4    Str: 19    XL:     5   Next: 12%
Magic:  4/4        EV: 10    Int:  6    God:
Gold:   55         SH:  0    Dex: 14    Spells: 4/4 levels left

rFire   . . .      SeeInvis .   l - +2 dagger (holy)
rCold   . . .      Faith    .   (no shield)
rNeg    . . .      Spirit   .   b - +0 robe
rPois   .          Reflect  .   (helmet restricted)
rElec   .          Harm     .   (no cloak)
rCorr   .          Rampage  .   (gloves unavailable)
Will    .....                   (boots unavailable)
Stlth   ++........              (no amulet)
HPRegen 0.97/turn               (no ring)
MPRegen 0.09/turn               (no ring)

@: no status effects
A: large, unfitting armour, claws 3, regeneration 1, shaggy fur 1, tough skin 1
a: no special abilities


You were on level 3 of the Dungeon.
You visited 1 branch of the dungeon, and saw 3 of its levels.

You collected 55 gold pieces.

Inventory:

Hand Weapons
 a - a +0 mace
 l - a +2 dagger of holy wrath (weapon)
 n - a +0 flail
Missiles
 c - a curare-tipped dart (quivered)
 f - 19 arrows
 j - 24 stones
Armour
 b - a +0 robe (worn)
Scrolls
 g - 2 scrolls of torment {unknown}
 i - 4 scrolls of identify {unknown}
 k - a scroll of teleportation {unknown}
 m - a scroll of amnesia {unknown}
Potions
 d - a potion of heal wounds {unknown}
 e - a potion of haste {unknown}
 h - 2 potions of degeneration {unknown}


   Skills:
 + Level 3.0 Fighting
 + Level 4.1 Maces & Flails
 + Level 3.2 Dodging
 + Level 1.3 Stealth


You had 4 spell levels left.
You didn't know any spells.
Your spell library contained the following spells:

 Spells                   Type           Power      Damage    Failure   Level
 Magic Dart               Conj           0%         1d3       45%         1
 Call Imp                 Summ           0%         N/A       58%         2
 Mephitic Cloud           Conj/Pois/Air  0%         N/A       83%         3


Dungeon Overview and Level Annotations

Branches:
Dungeon (3/15)

Altars:


Innate Abilities, Weirdness & Mutations

You are too large for most types of armour.
You have claws for hands.
Your natural rate of healing is unusually fast.
You are covered in fur. (AC +1)
You have tough skin. (AC +1)


Message History

The kobold shouts!
You hit the kobold.
You kill the kobold!
You throw a curare-tipped dart. The curare-tipped dart hits the ogre.
The ogre is poisoned.
The ogre convulses.
The ogre seems to slow down.
The ogre is lightly wounded.
The ogre barely misses you.
You hit the ogre.
The ogre is moderately wounded.
You barely miss the ogre.
The ogre is moderately wounded.
The ogre hits you with a +0 giant club!
You barely miss the ogre.
The ogre is moderately wounded.
You barely miss the ogre.
The ogre is moderately wounded.
The ogre barely misses you.
You hit the ogre.
The ogre is heavily wounded.
The ogre hits you with a +0 giant club!
You barely miss the ogre.
The ogre is heavily wounded.
You hit the ogre but do no damage.
The ogre is heavily wounded.
The ogre barely misses you.
You hit the ogre.
The ogre is severely wounded.
You barely miss the ogre.
The ogre is severely wounded.
The ogre hits you with a +0 giant club!
You hit the ogre.
The ogre is severely wounded.
You hit the ogre.
The ogre is almost dead.
The ogre is no longer moving slowly.
The ogre hits you with a +0 giant club!
* * * LOW HITPOINT WARNING * * *
You hit the ogre but do no damage.
The ogre is almost dead.
The ogre hits you with a +0 giant club!!
You die...

#.####### #.#
#######.####
#..........# ###########
#..........# ..........#
#..........# ..........#
#######.####
..........############.#
...........KO@.........#
###
.......[..##############
#.. ..........# .#..
............ ....
..........### .#..
#.......... ##.
#........... #
#.......>....


You could see an ogre (poisoned) and a kobold.

Vanquished Creatures
  An orc priest (D:3)
  Jessica (D:3)
  Natasha (D:2)
  3 adders (D:2)
  2 worms (D:2)
  3 dart slugs
  2 orcs
  2 ball pythons
  2 bats
  An endoplasm (D:1)
  5 giant cockroaches
  A goblin (D:2)
  4 hobgoblins
  2 kobolds
  2 quokkas (D:1)
  2 rats (D:1)
  A spectral goblin (D:1)
35 creatures vanquished.

Notes
Turn   | Place    | Note
-------+----------+-------------------------------------------
     0 | D:1      | issech the Troll Monk began the quest for the Orb.
     0 | D:1      | Reached XP level 1. HP: 22/22 MP: 0/0
   292 | D:1      | Reached XP level 2. HP: 20/29 MP: 1/1
   468 | D:1      | Reached skill level 3 in Maces & Flails
   470 | D:1      | Found a faded altar of an unknown god.
   983 | D:2      | Reached XP level 3. HP: 23/36 MP: 2/2
  1184 | D:2      | Noticed Natasha
  1201 | D:2      | Killed Natasha
  1202 | D:2      | Reached XP level 4. HP: 30/44 MP: 3/3
  1723 | D:3      | Noticed Jessica
  1778 | D:3      | Killed Jessica
  1779 | D:3      | Reached skill level 4 in Maces & Flails
  1779 | D:3      | Reached XP level 5. HP: 38/53 MP: 4/4
  2034 | D:3      | Noticed an ogre
  2059 | D:3      | Mangled by an ogre

Illustrated notes

Levels and vault maps discovered:
D:1:      matt_arrival_diagonals, layout_basic,
          dreamdust_ecumenical_altar_drowned_temple,
          corexii_item_surrounded_by_moat, st_stairs_4
D:2:      layout_basic, uniq_natasha
D:3:      layout_basic, lemuel_crystal_altar, uniq_jessica

Skill      XL: |  1  2  3  4 |
---------------+-------------+-----
Maces & Flails | 3 4 |  4.1
Dodging        | 3 |  3.2
Fighting       | 3 |  3.0
Stealth        | |  1.3

Action                   |  1- 3 |  4- 6 || total
-------------------------+-------+-------++-------
Melee: Mace              |   114 |    35 ||   149
       Punch             |     2 |     1 ||     3
       Dagger            |       |    17 ||    17
Throw: Dart              |       |     1 ||     1
 Stab: Sleeping          |     1 |     1 ||     2
Armor: Robe              |    38 |    15 ||    53
Dodge: Dodged            |    69 |    21 ||    90
